 Seeded DCSS version 0.30-a0-1112-gfb780f5df6 (webtiles) character file.

Game seed: 20230419 (custom seed)

864 NinjaNoafa the Ogre Mage (level 8, -1/75 HPs)
             Began as an Ogre Fire Elementalist on Apr 19, 2023.
             Shot with an arrow by a centaur (10 damage)
             ... on level 5 of the Dungeon.
             The game lasted 00:12:41 (4468 turns).

NinjaNoafa the Ogre Mage (Ogre Fire Elementalist)   Turns: 4468, Time: 00:12:41

Health: -1/75      AC:  3    Str: 13      XL:     8   Next: 3%
Magic:  0/15       EV:  9    Int: 18      God:
Gold:   159        SH:  0    Dex:  7 (9)  Spells: 4/17 levels left

rFire   . . .      SeeInvis .    m - +0 dagger (heavy)
rCold   . . .      Faith    .    (no shield)
rNeg    . . .      Spirit   .    a - +0 robe
rPois   .          Reflect  .    (helmet restricted)
rElec   .          Rampage  .    (no cloak)
rCorr   .                        (gloves unavailable)
Will    .....                    (boots unavailable)
Stlth   +                        (no amulet)
HPRegen 0.32/turn                (no ring)
MPRegen 0.14/turn                (no ring)

@: hasted, very quick
A: large, unfitting armour, tough skin 1
a: no special abilities


You were on level 5 of the Dungeon.
You visited 2 branches of the dungeon, and saw 6 of its levels.

You collected 159 gold pieces.

Inventory:

Hand Weapons
 m - a +0 heavy dagger (weapon)
Missiles
 c - 37 poisoned darts
 e - 5 atropa-tipped darts
Armour
 a - a +0 robe (worn)
Scrolls
 f - a scroll of noise
 i - a scroll of enchant armour {unknown}
 k - a scroll of amnesia {unknown}
 l - a scroll of poison {unknown}
 o - a scroll of vulnerability {unknown}
 p - a scroll of magic mapping {unknown}
 q - a scroll of silence {unknown}
 t - a scroll of identify {unknown}
 v - a scroll of teleportation {unknown}
Potions
 b - 2 potions of cancellation
 d - a potion of haste
 g - 4 potions of flight {unknown}
 j - 2 potions of heal wounds {unknown}
 n - 3 potions of mutation {unknown}
 s - a potion of attraction {unknown}
 u - a potion of brilliance {unknown}


   Skills:
 - Level 3.0 Fighting
 - Level 1.7 Dodging
 - Level 1.4 Stealth
 + Level 5.2 Spellcasting
 - Level 4.0 Conjurations
 + Level 2.8 Translocations
 - Level 5.0 Fire Magic


You had 4 spell levels left.
You knew the following spells:

 Your Spells              Type           Power      Damage    Failure   Level
a - Foxfire               Conj/Fire      80%        2x1d8     1%          1
b - Scorch                Fire           44%        2d6       2%          2
c - Volatile Blastmotes   Fire/Tloc      36%        2d13      8%          3
d - Inner Flame           Hex/Fire       13%        N/A       14%         3
e - Flame Wave            Conj/Fire      20%        2d7       21%         4

Your spell library contained the following spells:

 Spells                   Type           Power      Damage    Failure   Level
 Slow                     Hex            16%        N/A       13%         1
 Summon Small Mammal      Summ           16%        N/A       13%         1
 Ensorcelled Hibernation  Hex/Ice        8%         N/A       21%         2
 Passwall                 Tmut/Erth      3%         N/A       21%         2
 Vhi's Electric Charge    Tloc/Air       18%        N/A       22%         3
 Call Canine Familiar     Summ           4%         N/A       36%         3
 Confusing Touch          Hex            4%         N/A       36%         3
 Summon Guardian Golem    Hex/Summ       4%         N/A       36%         3
 Swiftness                Air            4%         N/A       36%         3
 Vampiric Draining        Necr           4%         2d6       36%         3
 Arcjolt                  Conj/Air       5%         1d15      85%         5
 Plasma Beam              Fire/Air       6%         2x1d18    100%        6


Dungeon Overview and Level Annotations

Branches:
Dungeon (5/15)             Temple (1/1) D:5

Altars:
Ashenzari
Cheibriados
Dithmenos
Elyvilon
Fedhas
Gozag
Hepliaklqana
Kikubaaqudgha
Makhleb
Nemelex Xobeh
Ru
Wu Jian
Xom
Yredelemnul
Zin
The Shining One

Shops:
D:2 :

Annotations:
D:5 Eustachio


Innate Abilities, Weirdness & Mutations

You are too large for most types of armour.
You have tough skin. (AC +1)


Message History

The ufetubus hits you but does no damage.
The ufetubus barely misses you.
You feel yourself speed up. The ufetubus barely misses you.
The ufetubus closely misses you. The hound completely misses you.
The ufetubus attacks as you move away! The ufetubus barely misses you.
The ufetubus hits you but does no damage.
The ufetubus disappears in a puff of smoke!
The hound bites you.
* * * LOW HITPOINT WARNING * * *
Unknown command.
Casting: Foxfire (safe; 1% risk of failure)
Confirm with . or Enter, or press ? or * to list all spells.
Flames lash the hound.
The hound is moderately wounded.
The hound's fire resistance burns away.
The centaur unwields a +0 shortbow.
The centaur closely misses you.
The centaur kicks you but does no damage.
The hound bites you.
* * * LOW HITPOINT WARNING * * *
Unknown command.
Unknown command.
You feel better. The centaur barely misses you. x2
The hound bites you but does no damage.
Casting: Scorch (safe; 2% risk of failure)
Confirm with . or Enter, or press ? or * to list all spells.
A cloud of volatile blastmotes flares up around you!
The centaur hits you but does no damage.
The centaur kicks you.
* * * LOW HITPOINT WARNING * * *
The hound bites you.
* * * LOW HITPOINT WARNING * * *
Eustachio hits you with a +0 rapier.
* * * LOW HITPOINT WARNING * * *
Unknown command.
Unknown command.
The centaur attacks as you move away! The centaur hits you.
* * * LOW HITPOINT WARNING * * *
The centaur closely misses you.
The centaur wields a +0 shortbow.
The centaur shoots an arrow.
The arrow hits you!
You die...

#.....).........o##....##...#
#...##......##...##....# ...#
..... #......##...#.....##
###
@............#....#......#
.............##...##@)...#
.............##...##.....#
...######'###...##....## ...
.....##...##....##
.......@.c.'.....#
........§h5#.....#
.........@.#.....#
...#########.##.######
#########.####.##'##...##
#.......................#
#.......................#
#.......................#
#....##...##......[.....#


You could see Eustachio, a centaur, a hound (combustible) and a shadow imp
(summoned).

Vanquished Creatures
  Menkaure (D:4)
  2 black bears (D:4)
  2 ogres
  Blork the orc (D:5)
  A scorpion (D:3)
  2 orc priests (D:3)
  A hound (D:3)
  Robin (D:4)
  2 adders
  5 worms
  3 dart slugs (D:1)
  16 orcs
  9 ball pythons
  7 endoplasms
  4 giant cockroaches
  12 goblins (D:4)
  11 hobgoblins
  6 jackals (D:1)
  6 quokkas
  8 bats
  2 frilled lizards
  8 kobolds
  8 rats
  A spectral goblin (D:1)
119 creatures vanquished.

Vanquished Creatures (others)
  289 foxfires
  A plant (D:2)
290 creatures vanquished.

Grand Total: 409 creatures vanquished

Notes
Turn   | Place    | Note
-------+----------+-------------------------------------------
     0 | D:1      | NinjaNoafa the Ogre Fire Elementalist began the quest for
                  | the Orb.
     0 | D:1      | Reached XP level 1. HP: 16/16 MP: 3/3
    27 | D:1      | Reached skill level 1 in Conjurations
   194 | D:1      | Reached XP level 2. HP: 5/24 MP: 1/5
   371 | D:1      | Learned a level 2 spell: Scorch
   380 | D:1      | Found a faded altar of an unknown god.
   472 | D:1      | Reached XP level 3. HP: 31/31 MP: 2/6
   932 | D:2      | Found Luawy's Book Shop.
  1589 | D:2      | Reached XP level 4. HP: 33/39 MP: 4/7
  2056 | D:3      | Reached skill level 1 in Fighting
  2130 | D:3      | Reached XP level 5. HP: 46/48 MP: 3/8
  2204 | D:3      | Found a blossoming altar of Fedhas.
  2448 | D:3      | HP: 1/49 [orc priest/nerve-wracking pain (14)]
  2793 | D:4      | Noticed a black bear
  2802 | D:4      | Killed a black bear
  2803 | D:4      | Reached XP level 6. HP: 46/61 MP: 0/9
  2869 | D:4      | Noticed Menkaure
  2944 | D:3      | Reached XP level 7. HP: 31/67 MP: 1/11
  3082 | D:4      | Killed Menkaure
  3083 | D:4      | Reached skill level 5 in Fire Magic
  3083 | D:4      | Reached skill level 1 in Translocations
  3166 | D:4      | Learned a level 3 spell: Volatile Blastmotes
  3183 | D:4      | Noticed Robin
  3219 | D:4      | Killed Robin
  3525 | D:4      | Noticed a cacodemon
  3526 | D:4      | Found a burning altar of Makhleb.
  3530 | D:4      | Found a glowing silver altar of Zin.
  3530 | D:4      | Noticed an angel
  3618 | D:4      | Found a broken altar of Ashenzari.
  3691 | D:5      | Entered Level 5 of the Dungeon
  3693 | D:5      | Found a sparkling altar of Nemelex Xobeh.
  3755 | D:5      | Noticed Blork the orc
  3763 | D:5      | Killed Blork the orc
  3787 | D:5      | Noticed Eustachio
  4077 | D:5      | Found a staircase to the Ecumenical Temple.
  4083 | Temple   | Entered the Ecumenical Temple
  4083 | Temple   | Found a transporter.
  4083 | Temple   | Found a transporter.
  4085 | Temple   | Found a transporter.
  4085 | Temple   | Found a transporter.
  4400 | D:4      | Learned a level 3 spell: Inner Flame
  4405 | D:4      | Learned a level 4 spell: Flame Wave
  4457 | D:5      | Reached skill level 5 in Spellcasting
  4457 | D:5      | Reached XP level 8. HP: 21/75 MP: 5/15
  4468 | D:5      | Shot with an arrow by a centaur

Illustrated notes

Levels and vault maps discovered:
D:1:      lemuel_arrival_hallway, layout_loops_ring,
          dreamdust_ecumenical_altar_drowned_temple
D:2:      minmay_diamond_boxcup, layout_loops_ring, serial_shops,
          nicolae_square_shop, minmay_misc_feat_alley, corexii_shack
D:3:      layout_loops_ring, mainiacjoe_overflow_small_starburst
D:4:      layout_cave_pools, grunt_temple_overflow_order_and_chaos_2,
          old_standard_altar, uniq_menkaure, uniq_robin
D:5:      layout_gridville, mainiacjoe_overflow_concentric_impassable,
          minmay_temple_entry_statues_pillars, nrook_mini_backslash,
          uniq_blork_the_orc, uniq_eustachio
Temple:   hellmonk_temple_divided_pantheon

Skill      XL: |  1  2  3  4  5  6  7 |
---------------+----------------------+-----
Conjurations   | 1 2 3 4 |  4.0
Fire Magic     | 3 4 5 |  5.0
Fighting       | 1 3 |  3.0
Spellcasting   | 3 5 |  5.2
Translocations | 2 |  2.8
Dodging        | |  1.7
Stealth        | |  1.4

Action                     |  1- 3 |  4- 6 |  7- 9 || total
---------------------------+-------+-------+-------++-------
  Melee: Unarmed           |     4 |       |       ||     4
         Dagger            |    17 |    25 |    12 ||    54
   Cast: Foxfire           |    67 |    69 |    44 ||   180
         Scorch            |     9 |     7 |    15 ||    31
         Volatile Blastmot |       |       |     9 ||     9
    Use: Potion            |     2 |     3 |     4 ||     9
         Scroll            |       |       |     5 ||     5
   Stab: Sleeping          |       |     2 |       ||     2
 Armour: Robe              |    22 |    29 |    29 ||    80
  Dodge: Dodged            |    51 |    46 |    58 ||   155

Table legend: (Time is in decaauts)
 A = Elapsed time spent in this place.
 B = Non-inter-level travel time spent in this place.
 C = Inter-level travel time spent in this place.
 D = Time resting spent in this place.
 E = Time spent auto-exploring this place.
 F = Levels seen in this place.
 G = Mean time per level.
                   A        B        C        D        E       F      G
               +--------+--------+--------+--------+--------+-----+--------+
         Total |   4433 |   4187 |    246 |    991 |   2004 |   6 |  738.8 |
       Dungeon |   4384 |   4150 |    234 |    991 |   1997 |   5 |  876.8 |
        Temple |     49 |     37 |     12 |      0 |      7 |   1 |   49.0 |
               +--------+--------+--------+--------+--------+-----+--------+

Top non-repeatable levels by time:
     D:4: 1145 daAuts
     D:3: 1110 daAuts
     D:2: 1008 daAuts
     D:1: 856 daAuts
     D:5: 263 daAuts
  Temple: 49 daAuts
